[Event "Early-Titled-Tuesday-Blitz-November-28-2023"]
[Site "Chess.com"]
[Date "2023.11.28"]
[Round "1"]
[White "GlavkonVVS"]
[Black "DDTerziev04"]
[Result "1-0"]
[WhiteElo "2544"]
[BlackElo "2096"]
[TimeControl "180+1"]
[EndTime "8:06:32 PST"]
[Termination "GlavkonVVS won by checkmate"]

1. c4 Nf6 2. Nc3 d6 3. d4 g6 4. Nf3 Bg7 5. Bg5 O-O 6. h3 c5 7. d5 e6 8. dxe6 Bxe6 9. e3 Nc6 10. Be2 Qe7 11. O-O Rfd8 12. e4 Ne5 13. Nd5 Bxd5 14. exd5 h6 15. Bh4 Re8 16. Rb1 Qc7 17. Nxe5 Rxe5 18.
Bg3 Ree8 19. b4 Nd7 20. a3 Be5 21. f4 Bd4+ 22. Kh1 f5 23. Bh4 Kf7 24. g4 Re3 25.
Rb3 Rxb3 26. Qxb3 Re8 27. Bd3 fxg4 28. hxg4 Re3 29. Kg2 Re8 30. Qc2 Nf8 31. g5 Qd7 32. f5 hxg5 33. Bxg5 Kg7 34. Rf4 Be5 35. f6+ Kf7 36. Rh4 Kg8 37. Bxg6 Nxg6 38. Qxg6+ Kf8 39. Rh8# 1-0

[Event "Early-Titled-Tuesday-Blitz-November-28-2023"]
[Site "Chess.com"]
[Date "2023.11.28"]
[Round "1"]
[White "Cayse"]
[Black "andrzej"]
[Result "1-0"]
[WhiteElo "2854"]
[BlackElo "2471"]
[TimeControl "180+1"]
[EndTime "8:06:33 PST"]
[Termination "Cayse won on time"]

1. e4 e5 2. Nf3 Nf6 3. Nc3 Bb4 4.
Nxe5 O-O 5. Be2 Re8 6. Nd3 Bxc3 7. dxc3 Nxe4 8. O-O d6 9. Re1 Nd7 10. Bf1 b6 11. f3 Nec5 12. Nxc5 Nxc5 13. Bg5 f6 14.
Bh4 Bb7 15. Bb5 Rxe1+ 16. Qxe1 a6 17. Bc4+ Kh8 18. Qe3 b5 19. Bf1 Qe8 20. Re1 Qxe3+ 21. Rxe3 Kg8 22. b4 Nd7 23. c4 Ne5 24. cxb5 axb5 25.
Bxb5 Kf8 26. a3 Ba6 27. Bxa6 Rxa6 28. Rc3 c6 29. f4 Ng6 30. Bg3 Ne7 31. Rd3 d5 32.
Bf2 Nf5 33. Bc5+ Ke8 34. Kf2 h5 35. Ke2 Kd7 36. c4 Ke6 37. cxd5+ cxd5 38. Rb3 h4 39. b5 Ra4 40. b6 Re4+ 41. Kd2 Kd7 42. b7 1-0

[Event "Early-Titled-Tuesday-Blitz-November-28-2023"]
[Site "Chess.com"]
[Date "2023.11.28"]
[Round "1"]
[White "losersgame"]
[Black "Politov_Pavel"]
[Result "1-0"]
[WhiteElo "2547"]
[BlackElo "2113"]
[TimeControl "180+1"]
[EndTime "8:06:33 PST"]
[Termination "losersgame won on time"]

1. e4 c5 2. Nc3 d6 3. g3 Nc6 4. Bg2 g6 5. d3 Bg7 6. f4 e5 7. Nh3 h5 8. O-O Bg4 9. Qd2 h4 10. Nf2 Be6 11. Nd5 hxg3 12. hxg3 exf4 13. Nxf4 Be5 14. c3 Bd7 15. Qe2 Qg5 16. Qf3 Bg4 17.
Qxg4 Qxg4 18. Nxg4 Bxf4 19. Bxf4 O-O-O 20. a3 f5 21. exf5 gxf5 22. Ne3 Nf6 23. b4 cxb4 24. axb4 d5 25. b5 Ne7 26. Rxa7 Ng4 27. Nxg4 fxg4 28.
Bg5 Rhe8 29. c4 Kd7 30. Rxb7+ Kd6 31. Bxd5 Nxd5 32. Bxd8 Ne3 33. Bc7+ 1-0

[Event "Early-Titled-Tuesday-Blitz-November-28-2023"]
[Site "Chess.com"]
[Date "2023.11.28"]
[Round "1"]
[White "JoliyRoger"]
[Black "vugarrasulov"]
[Result "0-1"]
[WhiteElo "2500"]
[BlackElo "2919"]
[TimeControl "180+1"]
[EndTime "8:06:36 PST"]
[Termination "vugarrasulov won by resignation"]

1. d4 Nf6 2. c4 e6 3. Nc3 c5 4. e3 cxd4 5. exd4 d5 6. Nf3 Nc6 7. cxd5 Nxd5 8. Bc4 Be7 9. O-O O-O 10. Nxd5 exd5 11.
Bb5 Bg4 12. Bxc6 bxc6 13. h3 Bh5 14. Qd3 Bd6 15. Ne5 c5 16. Be3 c4 17. Qd2 f6 18.
Ng4 Rb8 19. b3 Bg6 20. Bf4 c3 21. Qc1 Rc8 22. Bxd6 Qxd6 23. Re1 h5 24. Nh2 Be4 25. f3 Bg6 26. Nf1 Qb4 27. Qf4 c2 28. Rec1 Rfe8 29.
Kf2 Qc3 30. Qd2 Qxd2+ 31. Nxd2 Bd3 32. Nf1 Re2+ 33. Kg1 h4 34. Nh2 f5 35. f4 Be4 36.
Nf3 Bxf3 37. gxf3 Rc3 38. Kf1 Rh2 39. Kg1 Rxh3 40. Rf1 Rg3+ 41. Kh2 Kf7 42. Rac1 Ke6 43. Rf2 Kf6 44. Rcxc2 Rgxf3 45. Rxc3 Rxc3 46. Rb2 Rf3 47. b4 Rxf4 48. a4 Rxd4 49. a5 a6 50. b5 axb5 51.
Ra2 Rc4 52. a6 Rc8 53. Ra5 Ra8 54. a7 b4 55. Ra6+ Ke5 56. Kh3 g5 57. Kg2 g4 58.
Kf2 d4 59. Ke2 h3 60. Kd3 h2 0-1

[Event "Early-Titled-Tuesday-Blitz-November-28-2023"]
[Site "Chess.com"]
[Date "2023.11.28"]
[Round "1"]
[White "Nechitaylo_Nikita"]
[Black "FoxOnTheRun97"]
[Result "0-1"]
[WhiteElo "2144"]
[BlackElo "2549"]
[TimeControl "180+1"]
[EndTime "8:06:36 PST"]
[Termination "FoxOnTheRun97 won on time"]

1. d4 Nf6 2. c4 e6 3. Nc3 Bb4 4. e3 O-O 5. Ne2 d6 6. a3 Bxc3+ 7. Nxc3 e5 8. dxe5 dxe5 9. Qxd8 Rxd8 10. b4 c6 11. Bb2 Be6 12. Be2 Nbd7 13. Rc1 a5 14. O-O axb4 15. axb4 Nb6 16. c5 Nc4 17. Ba1 Rd2 18.
Rfd1 Rad8 19. Rxd2 Nxd2 20. Na4 Nb3 21. Rb1 Ra8 22.
Bxe5 Rxa4 23. Bd1 Rxb4 24. f4 h6 25. f5 Bd5 26. g4 Rb5 27. Bd6 Ne4 28. Be2 Nc3 29.
Bxb5 Nxb1 30. Ba4 N1d2 31. Bxb3 Nxb3 32. Kf2 Nd2 33. Ke2 Ne4 34. Be7 f6 35. Kd3 Kf7 0-1

[Event "Early-Titled-Tuesday-Blitz-November-28-2023"]
[Site "Chess.com"]
[Date "2023.11.28"]
[Round "1"]
[White "koncheto"]
[Black "deepfear"]
[Result "1-0"]
[WhiteElo "2532"]
[BlackElo "1906"]
[TimeControl "180+1"]
[EndTime "8:06:37 PST"]
[Termination "koncheto won on time"]

1. e4 c5 2. Nf3 g6 3. d4 cxd4 4.
Nxd4 Bg7 5. c4 Nc6 6. Be3 Nf6 7.
Nc3 O-O 8. Be2 d6 9. O-O Bd7 10. Qd2 Nxd4 11. Bxd4 Bc6 12. f3 Nd7 13. Be3 a5 14.
Rac1 a4 15. Rc2 Qa5 16. Rb1 Nc5 17. b4 axb3 18. axb3 Qc7 19. Nd5 Bxd5 20. cxd5 Qd7 21. Bxc5 dxc5 22. Rxc5 Ra7 23. Rbc1 Rfa8 24. Bb5 Qd8 25.
g3 Qb6 26. Kg2 Bf6 27. f4 Ra2 28. R1c2 Rxc2 29. Qxc2 Ra3 30. e5 Bh8 31. Rc8+ Kg7 32. Bc4 Qa7 33. Be2 Ra2 34. Qd3 Rb2 35. d6 exd6 36.
exd6 Qa2 37. Kf1 Qa1+ 38. Kf2 Qa2 39. d7 Rd2 40. d8=Q 1-0

[Event "Early-Titled-Tuesday-Blitz-November-28-2023"]
[Site "Chess.com"]
[Date "2023.11.28"]
[Round "1"]
[White "Chessbard1972"]
[Black "atbenina64"]
[Result "0-1"]
[WhiteElo "2432"]
[BlackElo "2778"]
[TimeControl "180+1"]
[EndTime "8:06:39 PST"]
[Termination "atbenina64 won by resignation"]

1. e4 c5 2. Nf3 d6 3. Bb5+ Bd7 4. Bxd7+ Nxd7 5. c4 e6 6. d4 cxd4 7. Nxd4 Ngf6 8. f3 Rc8 9. b3 d5 10. cxd5 exd5 11. exd5 Rxc1 12. Qxc1 Bb4+ 13. Kf2 O-O 14. Nc3 Qb6 15. Ne2 Nxd5 16. Rd1 Re8 17. Qc4 Ne3 18. Qd3 Nxd1+ 19. Rxd1 Bc5 20. Kf1 Nf6 21. Nf5 g6 22.
Nh6+ Kg7 23. Ng4 Nxg4 24. fxg4 Re3 25. Qd8 Qe6 26. Qd5 Qf6+ 27. Ke1 Bb4+ 28. Rd2 Qe7 29.
Qd4+ f6 30. Kd1 Bxd2 31. Qxd2 Re6 32. Kc2 Rxe2 0-1

[Event "Early-Titled-Tuesday-Blitz-November-28-2023"]
[Site "Chess.com"]
[Date "2023.11.28"]
[Round "1"]
[White "Orest_Vovk"]
[Black "RebecaJimnz"]
[Result "0-1"]
[WhiteElo "2590"]
[BlackElo "2293"]
[TimeControl "180+1"]
[EndTime "8:06:39 PST"]
[Termination "RebecaJimnz won by checkmate"]

1. e4 c5 2. Nf3 Nc6 3. Bb5 g6 4. a4 Bg7 5. O-O Nf6 6. Nc3 O-O 7. h3 d6 8. Re1 e5 9. d3 h6 10. Bxc6 bxc6 11. Be3 Be6 12. Qd2 Kh7 13. a5 Rb8 14.
b3 Qd7 15. Ne2 Ne8 16. Ng3 f5 17. exf5 gxf5 18. Bg5 hxg5 19. Nxg5+ Kg8 20. f4 Nf6 21. fxe5 dxe5 22. Rxe5 Ne4 23. Rxe4 fxe4 24. Re1 Rbe8 25. Rxe4 Bd5 26. Rg4 Qe7 27. Kh2 Qe3 28. Qd1 Qf2 29. Nh5 Be5+ 30. Kh1 Qf1+ 31. Qxf1 Rxf1# 0-1

[Event "Early-Titled-Tuesday-Blitz-November-28-2023"]
[Site "Chess.com"]
[Date "2023.11.28"]
[Round "1"]
[White "AnaKuchava"]
[Black "Predator0608"]
[Result "0-1"]
[WhiteElo "2240"]
[BlackElo "2587"]
[TimeControl "180+1"]
[EndTime "8:06:40 PST"]
[Termination "Predator0608 won by checkmate"]

1. d4 d5 2. Nf3 Nf6 3. c4 e6 4. Nc3 Be7 5. Bf4 O-O 6. e3 b6 7. cxd5 Nxd5 8. Bg3 Bb7 9. Bd3 Nd7 10. O-O c5 11. e4 Nxc3 12. bxc3 cxd4 13. cxd4 Nf6 14. Qe2 Rc8 15. Rac1 Bb4 16. Rfd1 Nh5 17. Ba6 Nxg3 18. hxg3 Qe7 19. Ne5 Ba3 20. Rxc8 Rxc8 21. Bxb7 Qxb7 22. d5 exd5 23. exd5 Bd6 24. Nc6 h6 25.
Re1 Qd7 26. Qa6 Bc5 27. Qxa7 Qxd5 28. Ne7+ Bxe7 29. Rxe7 Rc1+ 30. Kh2 Qh5# 0-1

[Event "Early-Titled-Tuesday-Blitz-November-28-2023"]
[Site "Chess.com"]
[Date "2023.11.28"]
[Round "1"]
[White "artin10862"]
[Black "Road2GM3000"]
[Result "1-0"]
[WhiteElo "2918"]
[BlackElo "2500"]
[TimeControl "180+1"]
[EndTime "8:06:42 PST"]
[Termination "artin10862 won by resignation"]

1. h4 d5 2. Nf3 c5 3. g3 Nc6 4. Bg2 Bg4 5. O-O e6 6. Nh2 Bh5 7. Bf3 Bxf3 8. Nxf3 Nf6 9. d3 Bd6 10.
Nbd2 O-O 11. e4 Ne5 12. Nxe5 Bxe5 13. Nf3 Bc7 14. e5 Nd7 15. Re1 d4 16. Kg2 Nb6 17. h5 h6 18. Re4 Qd5 19. a4 Nd7 20. Qe2 f5 21. exf6 Rxf6 22. Nh2 Rf5 23. g4 Rf6 24.
Bd2 Raf8 25. Rf1 R6f7 26. Kg1 e5 27. g5 hxg5 28. Bxg5 Rf5 29. Rg4 Qf7 30. Rg2 Nf6 31. Bxf6 Qxf6 32. Ng4 Qh4 33. Nh6+ Kh8 34. Nxf5 Rxf5 35.
Qg4 Qxg4 36. Rxg4 Rxh5 37. Kg2 Kg8 38. Rh1 Rf5 39. Rh6 a6 40. Rhg6 Rf7 41. Rg3 b5 42. Rxa6 bxa4 43. Rxa4 e4 44. Ra8+ Kh7 45. Rh3+ Kg6 46.
dxe4 Bb6 47. Ra6 Rf6 48. e5 Re6 49. Rb3 d3 50. cxd3 1-0

[Event "Early-Titled-Tuesday-Blitz-November-28-2023"]
[Site "Chess.com"]
[Date "2023.11.28"]
[Round "1"]
[White "M1711"]
[Black "Willi_Skibbe"]
[Result "1-0"]
[WhiteElo "2601"]
[BlackElo "2266"]
[TimeControl "180+1"]
[EndTime "8:06:42 PST"]
[Termination "M1711 won on time"]

1. e4 e6 2. d4 d5 3. Nc3 Nf6 4. e5 Nfd7 5. Nce2 c5 6. c3 Nc6 7. Nf3 b5 8. g3 b4 9. Bh3 Be7 10.
O-O O-O 11. Be3 Qb6 12. Rc1 Ba6 13. Re1 Na5 14. b3 Bxe2 15. Rxe2 c4 16. cxb4 Qxb4 17. Bd2 Qb5 18. Bxa5 Qxa5 19. bxc4 dxc4 20. Rxc4 Qd5 21.
Rec2 Nb6 22. Rc7 Bb4 23. Bg2 Qa5 24. Ng5 Nd5 25. Qh5 h6 26. Bxd5 exd5 27. Nxf7 Qa6 28. R2c6 Qd3 29. Nxh6+ 1-0

[Event "Early-Titled-Tuesday-Blitz-November-28-2023"]
[Site "Chess.com"]
[Date "2023.11.28"]
[Round "1"]
[White "NowInChess"]
[Black "ThePeacefulPanda"]
[Result "0-1"]
[WhiteElo "2165"]
[BlackElo "2553"]
[TimeControl "180+1"]
[EndTime "8:06:42 PST"]
[Termination "ThePeacefulPanda won on time"]

1. e4 e5 2. Nf3 Nc6 3. d4 exd4 4.
Bc4 d6 5. Nxd4 Nf6 6. Nc3 Be7 7. O-O O-O 8. Nxc6 bxc6 9. Bf4 Nd7 10. Re1 Bf6 11.
Qd2 Be5 12. Rad1 Qf6 13. Bg5 Bxc3 14. bxc3 Qe5 15. Bf1 Nb6 16. Be3 f6 17. f4 Qe7 18.
g3 Be6 19. a3 Nc4 20. Bxc4 Bxc4 21. Bd4 c5 22. Bf2 Qf7 23. Rb1 Rab8 24. Qe3 Rb6 25. e5 fxe5 26. fxe5 Rxb1 27. Rxb1 dxe5 28. Rd1 Bd5 0-1

[Event "Early-Titled-Tuesday-Blitz-November-28-2023"]
[Site "Chess.com"]
[Date "2023.11.28"]
[Round "1"]
[White "Krakozia"]
[Black "AleksanderHnydiuk"]
[Result "1-0"]
[WhiteElo "2951"]
[BlackElo "2504"]
[TimeControl "180+1"]
[EndTime "8:06:43 PST"]
[Termination "Krakozia won on time"]

1. e4 Nf6 2. e5 Nd5 3. d4 d6 4. Nf3 dxe5 5. Nxe5 c6 6. Nd2 Nd7 7. Ndf3 Nxe5 8. Nxe5 Bf5 9. g4 Be6 10. Bg2 g6 11. f4 Bg7 12. O-O f6 13. Nd3 Bf7 14.
f5 h5 15. fxg6 Bxg6 16. c4 Nb6 17. Nf4 Bf7 18. b3 hxg4 19. Be3 f5 20. Qd3 Qd7 21.
Rad1 O-O-O 22. d5 cxd5 23. cxd5 Kb8 24. Qe2 Ka8 25. a4 Nc8 26. a5 Nd6 27. a6 b6 28.
Ne6 Be5 29. Bf4 Bxf4 30. Rxf4 Rc8 31. Nd4 Rc3 32. Nxf5 Nxf5 33. d6+ Kb8 34. Qe4 Rf3 35. Rxf3 gxf3 36. Qxf3 Nxd6 37. Qa8+ Kc7 38. Qxa7+ Kd8 39. Qb8+ Qc8 40. a7 1-0

[Event "Early-Titled-Tuesday-Blitz-November-28-2023"]
[Site "Chess.com"]
[Date "2023.11.28"]
[Round "1"]
[White "DanylaBagrov"]
[Black "Ezov"]
[Result "1-0"]
[WhiteElo "2575"]
[BlackElo "2217"]
[TimeControl "180+1"]
[EndTime "8:06:43 PST"]
[Termination "DanylaBagrov won by resignation"]

1. d4 d5 2. c4 c6 3. Nf3 Nf6 4. Nc3 e6 5. e3 Be7 6. g4 Ne4 7.
Nxe4 dxe4 8. Nd2 f5 9. Rg1 O-O 10. b3 Bf6 11. Bb2 c5 12. g5 Bxg5 13. dxc5 Bf6 14. Qc2 Nc6 15. O-O-O Qa5 16. Bxf6 Rxf6 17. Qb2 Rf7 18. f3 Qxc5 19. fxe4 Qxe3 20. Rg3 Qf4 21. exf5 exf5 22. Bg2 Be6 23. Re1 Re8 24. Rge3 Nd4 25. Bd5 Rfe7 26. Qc3 Kf7 27. Rf1 Qg5 28. Qxd4 Bxd5 29. Qxd5+ Kg6 30. Rg3 Re1+ 31. Rxe1 Rxe1+ 32. Kc2 1-0

[Event "Early-Titled-Tuesday-Blitz-November-28-2023"]
[Site "Chess.com"]
[Date "2023.11.28"]
[Round "1"]
[White "zeitnotakrobat"]
[Black "MatyChess1"]
[Result "1-0"]
[WhiteElo "2423"]
[BlackElo "2658"]
[TimeControl "180+1"]
[EndTime "8:06:44 PST"]
[Termination "zeitnotakrobat won by resignation"]

1. Nf3 d5 2. c4 e6 3. g3 Nf6 4. Bg2 d4 5. e3 Nc6 6. O-O e5 7.
exd4 e4 8. Ng5 Bg4 9. Qa4 Qxd4 10. Nc3 Bf5 11. Nb5 Qd7 12. d4 exd3 13. Bf4 Rc8 14. Rfe1+ Be7 15. Bxc6 bxc6 16. Nxa7 Ra8 17. Rxe7+ Kxe7 18.
Nxc6+ Kf8 19. Qxa8+ Qc8 20. Qxc8+ Bxc8 21. Bxc7 h6 22.
Nf3 Bb7 23. Nfe5 g5 24. Rd1 Kg7 25. Rxd3 Rc8 26. Bd6 Ne4 27. Ba3 f6 28. Rd7+ Kg8 29. Rxb7 1-0

[Event "Early-Titled-Tuesday-Blitz-November-28-2023"]
[Site "Chess.com"]
[Date "2023.11.28"]
[Round "1"]
[White "AlexTruskavetsky"]
[Black "Lion-Al-Messi"]
[Result "1-0"]
[WhiteElo "2450"]
[BlackElo "2652"]
[TimeControl "180+1"]
[EndTime "8:06:45 PST"]
[Termination "AlexTruskavetsky won by checkmate"]

1. d4 Nf6 2. c4 b6 3. Nc3 Bb7 4. Qc2 d5 5. cxd5 Nxd5 6. e4 Nxc3 7. bxc3 e5 8. Nf3 Nd7 9. Bc4 exd4 10. cxd4 Bb4+ 11.
Bd2 Bxd2+ 12. Nxd2 O-O 13. O-O Nf6 14. d5 Qe7 15.
Rfe1 Rfe8 16. Rad1 Ng4 17. h3 Ne5 18. Bb5 Red8 19.
f4 Ng6 20. g3 h5 21. h4 Nxf4 22. gxf4 Qxh4 23. Nf1 Rd6 24. f5 Rad8 25. Qh2 Qg5+ 26.
Qg3 Qh6 27. Rc1 h4 28. Qg4 c6 29. dxc6 Bxc6 30. Bxc6 Rxc6 31. Rxc6 Qxc6 32. Qxh4 Rd3 33. Re2 Rd1 34. Rd2 Qc5+ 35. Kg2 Rxd2+ 36. Nxd2 Qc2 37. Qd8+ Kh7 38. a3 b5 39. Qh4+ Kg8 40. Qf2 a5 41. Qd4 a4 42. Kg3 Qa2 43. Qd6 Qa1 44. Nf3 Qc3 45. Kg4 b4 46. Qd8+ Kh7 47. Ng5+ Kh6 48.
Qh8# 1-0

[Event "Early-Titled-Tuesday-Blitz-November-28-2023"]
[Site "Chess.com"]
[Date "2023.11.28"]
[Round "1"]
[White "Chemim21"]
[Black "Ramla2020"]
[Result "0-1"]
[WhiteElo "2200"]
[BlackElo "2565"]
[TimeControl "180+1"]
[EndTime "8:06:45 PST"]
[Termination "Ramla2020 won by resignation"]

1. e4 e5 2. Nf3 d6 3. Bc4 Nd7 4. d4 c6 5. c3 b5 6. Bb3 Be7 7. O-O Ngf6 8. Re1 O-O 9. Nbd2 a5 10. a4 Qc7 11. Nf1 Nb6 12. axb5 cxb5 13. Bg5 a4 14. Bc2 Bb7 15. Qe2 Nc4 16. Rab1 h6 17.
Bh4 Nh5 18. Bxe7 Qxe7 19. g3 Nf6 20. Bd3 Rac8 21. Bxc4 Rxc4 22. Ne3 Rc7 23. Nf5 Qe6 24. d5 Qd7 25. N3h4 Kh7 26. Rbd1 g6 27. Ne3 a3 28.
bxa3 Rxc3 29. Neg2 Rxa3 30. f4 b4 31. fxe5 dxe5 32. Rf1 Qd6 33. Ne3 Ba6 34. Qf3 Bxf1 35. Rxf1 Nh5 36. Nhf5 Qc5 37. d6 Ng7 38. Nxg7 Kxg7 39.
Qf6+ Kg8 40. d7 Qxe3+ 41. Kg2 Qxe4+ 42. Kh3 Rd3 43. Rc1 Qf5+ 44. Qxf5 gxf5 0-1

[Event "Early-Titled-Tuesday-Blitz-November-28-2023"]
[Site "Chess.com"]
[Date "2023.11.28"]
[Round "1"]
[White "Elsa167"]
[Black "Artem_Sadovsky"]
[Result "1-0"]
[WhiteElo "2900"]
[BlackElo "2496"]
[TimeControl "180+1"]
[EndTime "8:06:46 PST"]
[Termination "Elsa167 won on time"]

1. d4 g6 2. c4 Bg7 3. e4 d6 4. Nc3 e5 5. dxe5 dxe5 6. Qxd8+ Kxd8 7. f4 Nc6 8. Nf3 Nd4 9. Bd3 Nxf3+ 10. gxf3 c6 11.
Be3 Be6 12. O-O-O exf4 13. Bxf4 Bh6 14. Bxh6 Nxh6 15. h4 Ke7 16. Kd2 f6 17. Ke3 Nf7 18. c5 g5 19. Rh2 h5 20. Rdh1 g4 21. f4 Rhg8 22. a3 Rad8 23. Ne2 Nh6 24. Ng3 Bf7 25. Rd2 Rd7 26. Be2 Rxd2 27. Kxd2 Rd8+ 28. Ke3 Bg6 29. b4 f5 30. e5 Bf7 31. Bd3 Bg6 32. Rb1 a6 33. a4 Rd5 34. Bc4 Rd8 35. b5 axb5 36.
axb5 cxb5 37. Rxb5 Rd7 38. Rb6 Bf7 39. e6 1-0

[Event "Early-Titled-Tuesday-Blitz-November-28-2023"]
[Site "Chess.com"]
[Date "2023.11.28"]
[Round "1"]
[White "cthulhuuu"]
[Black "mbojan"]
[Result "0-1"]
[WhiteElo "2471"]
[BlackElo "2853"]
[TimeControl "180+1"]
[EndTime "8:06:47 PST"]
[Termination "mbojan won on time"]

1. e4 a6 2. g3 d5 3. exd5 Qxd5 4. Nf3 Bg4 5. Bg2 Qe6+ 6. Qe2 Qxe2+ 7. Kxe2 Nc6 8. c3 O-O-O 9. d4 e5 10. dxe5 Nxe5 11.
h3 Bxf3+ 12. Bxf3 Nf6 13. Bg2 Bc5 14. b4 Bb6 15. Be3 Rhe8 16. Nd2 Bxe3 17. fxe3 Re7 18. Rhd1 Rde8 19. Nf1 Nc4 20. Rd3 Nd7 21. Bd5 Ndb6 22.
Bf3 Nb2 23. Rd4 N6c4 24. a4 Nxe3 25. Nxe3 Rxe3+ 26. Kf2 Nd3+ 27. Kg2 Ne1+ 28. Rxe1 Rxe1 29. Bg4+ Kb8 30. Rd7 R1e7 31. Rd4 g6 32. h4 f5 33. Bf3 c6 34. Kf2 Kc7 35. b5 axb5 36. axb5 cxb5 37.
Rb4 Re5 38. c4 Kb6 39. cxb5 Rxb5 40. Rd4 Re7 41. h5 Rb2+ 42. Kg1 Re3 43. Bg2 Rxg3 0-1

[Event "Early-Titled-Tuesday-Blitz-November-28-2023"]
[Site "Chess.com"]
[Date "2023.11.28"]
[Round "1"]
[White "Fonsofan"]
[Black "OneTrickPony_82"]
[Result "1-0"]
[WhiteElo "2713"]
[BlackElo "2396"]
[TimeControl "180+1"]
[EndTime "8:06:47 PST"]
[Termination "Fonsofan won by resignation"]

1. e4 e5 2. Nf3 Nc6 3. Nc3 Nf6 4.
h3 Bc5 5. Nxe5 Nxe5 6. d4 Bd6 7. dxe5 Bxe5 8. Bd3 d5 9. exd5 Nxd5 10. Nxd5 Qxd5 11.
O-O Be6 12. Re1 O-O-O 13. Qe2 Bf6 14. Bf4 Rhe8 15. Be4 Qa5 16. c3 Kb8 17. Qf3 Qb6 18. Bxh7 Bc8 19. Be4 Qxb2 20. Rab1 Qxc3 21. Be3 Rxe4 22.
Qxe4 b6 23. Rec1 Qa3 24. Bf4 Bb7 25. Qc4 Ka8 26. Bxc7 Rc8 27. Qxf7 Qa5 28. Bf4 Rd8 29. Rd1 Rc8 30. Rbc1 Rh8 31. Rd7 Qa4 32. Rxb7 Qxf4 33.
Rxa7+ 1-0

[Event "Early-Titled-Tuesday-Blitz-November-28-2023"]
[Site "Chess.com"]
[Date "2023.11.28"]
[Round "1"]
[White "GmSergioBarrientos"]
[Black "Arimin1329"]
[Result "1/2-1/2"]
[WhiteElo "2653"]
[BlackElo "2372"]
[TimeControl "180+1"]
[EndTime "8:06:47 PST"]
[Termination "Game drawn - insufficient material"]

1. d4 Nf6 2. c4 b6 3. a3 Bb7 4.
Nc3 e6 5. Nf3 Be7 6. Qc2 d5 7. cxd5 exd5 8. g3 O-O 9. Bg2 Nbd7 10.
O-O c5 11. Bf4 Rc8 12. Rfd1 a6 13. Ne5 c4 14. e4 dxe4 15. Nxe4 Nxe4 16. Bxe4 Bxe4 17.
Qxe4 Nxe5 18. dxe5 Qe8 19. Rd5 Qc6 20. Rad1 b5 21.
Qf5 Rcd8 22. Rd7 Rxd7 23. Qxd7 Qxd7 24. Rxd7 Bc5 25. Kf1 Re8 26. h4 h6 27. h5 Re6 28.
Rd5 Be7 29. Rd7 Kh7 30. Kg2 g6 31. hxg6+ Kxg6 32. Ra7 h5 33. Be3 Kf5 34. f4 Ke4 35. Bf2 h4 36. gxh4 Kxf4 37. Bg3+ Kg4 38. Bf2 Rxe5 39.
Rxa6 Re2 40. Kf1 Rxb2 41. Bd4 Rb1+ 42. Ke2 Bxh4 43. Ra7 f5 44. Rb7 Rb3 45. Kd2 Bg3 46. Kc2 Kf3 47. Rf7 Ke4 48. Bc5 Be5 49. Re7 Kd5 50. Bb4 f4 51. Rd7+ Ke4 52. Re7 Kf5 53. Rf7+ Kg4 54. Re7 Bd4 55. Re4 Be3 56. Bd6 Kf3 57. Re8 Ke2 58. Bxf4 Rxa3 59. Re5 Rb3 60. Bxe3 Rxe3 61. Rxb5 c3 62. Rd5 Kf3 63. Rc5 Re2+ 64. Kxc3 Re3+ 65. Kc4 Re1 66. Kb5 Rb1+ 67. Kc6 Re1 68.
Rf5+ Ke2 69. Re5+ Kd1 70. Rxe1+ Kxe1 1/2-1/2

[Event "Early-Titled-Tuesday-Blitz-November-28-2023"]
[Site "Chess.com"]
[Date "2023.11.28"]
[Round "1"]
[White "Mouse-Sleep"]
[Black "Akylbek2021"]
[Result "1-0"]
[WhiteElo "2571"]
[BlackElo "2211"]
[TimeControl "180+1"]
[EndTime "8:06:47 PST"]
[Termination "Mouse-Sleep won on time"]

1. Nf3 Nf6 2. c4 g6 3. Nc3 Bg7 4. e4 d6 5. d4 O-O 6. Be2 c5 7.
O-O Nbd7 8. d5 e6 9. dxe6 Nb6 10. exf7+ Rxf7 11. e5 Ne8 12. exd6 Qxd6 13. Nb5 Qxd1 14. Rxd1 Bg4 15. h3 Bxf3 16. Bxf3 a6 17. Nd6 Nxd6 18. Rxd6 Nxc4 19. Rd1 Kh8 20. Rb1 Ne5 21. Be4 Raf8 22.
Be3 b6 23. b3 Rd7 24. Rxd7 Nxd7 25. Rd1 Ne5 26. Rd6 Rb8 27. Bf4 Rf8 28. Bg3 Re8 29. Bb7 b5 30. Bxa6 c4 31. Bxb5 c3 32. Bxe8 c2 33. Bf4 1-0

[Event "Early-Titled-Tuesday-Blitz-November-28-2023"]
[Site "Chess.com"]
[Date "2023.11.28"]
[Round "1"]
[White "RodokininEV"]
[Black "acertijo08"]
[Result "1/2-1/2"]
[WhiteElo "2600"]
[BlackElo "2291"]
[TimeControl "180+1"]
[EndTime "8:06:49 PST"]
[Termination "Game drawn by repetition"]

1. d4 Nf6 2. c4 e6 3. Nf3 c5 4.
d5 exd5 5. cxd5 d6 6. g3 g6 7. Bg2 Bg7 8. O-O a6 9. a4 O-O 10. Nc3 Re8 11. Nd2 Nbd7 12. Nc4 Ne5 13. Na3 Nh5 14. h3 Rb8 15. Kh2 Bd7 16. f4 b5 17. Ne4 b4 18. fxe5 bxa3 19. Rxa3 Bxe5 20. Ng5 Bxb2 21. Bxb2 Rxb2 22. Nxf7 Qe7 23. Nh6+ Kh8 24.
Rf2 Rf8 25. Rxf8+ Qxf8 26. Qa1 Qf6 27. Rf3 Qd4 28. Rf7 Rxe2 29. Qxd4+ cxd4 30. Rxd7 d3 31.
Nf7+ Kg8 32. Nh6+ Kh8 33. Nf7+ Kg8 34. Nh6+ Kh8 1/2-1/2

[Event "Early-Titled-Tuesday-Blitz-November-28-2023"]
[Site "Chess.com"]
[Date "2023.11.28"]
[Round "1"]
[White "GrumbleBruno"]
[Black "OK97"]
[Result "0-1"]
[WhiteElo "2431"]
[BlackElo "2780"]
[TimeControl "180+1"]
[EndTime "8:06:50 PST"]
[Termination "OK97 won by resignation"]

1. e4 c5 2. c3 d5 3. exd5 Qxd5 4. d4 Nf6 5. Nf3 Nc6 6. Be3 Bg4 7. Be2 cxd4 8.
cxd4 e6 9. Nc3 Bb4 10. O-O Bxc3 11. bxc3 O-O 12. h3 Bh5 13. Rb1 b6 14. Qa4 Bg6 15. Rb5 Qd6 16. Ne5 Ne7 17. Bf3 Ned5 18. c4 Nc3 19. Qb4 Nxb5 20. Qxb5 Be4 21. Be2 Rac8 22.
Qa6 Qb8 23. Bg5 Qb7 24. Qxb7 Bxb7 25. Bxf6 gxf6 26. Nd7 Rfd8 27. Nxf6+ Kg7 28. Nh5+ Kf8 29. Rd1 Ba6 30. Nf6 Bxc4 31. Bf3 h6 32. a3 Bb3 33. Rd3 Bc2 34. Rd2 Bg6 35. Ng4 Kg7 36. Ne5 Rc3 37.
a4 Rdc8 38. d5 exd5 39. Rxd5 R3c5 40. Nxg6 Rxd5 41. Bxd5 fxg6 0-1

[Event "Early-Titled-Tuesday-Blitz-November-28-2023"]
[Site "Chess.com"]
[Date "2023.11.28"]
[Round "1"]
[White "BigAl"]
[Black "Sconko"]
[Result "1-0"]
[WhiteElo "2555"]
[BlackElo "2176"]
[TimeControl "180+1"]
[EndTime "8:06:51 PST"]
[Termination "BigAl won by checkmate"]

1. Nf3 Nf6 2. g3 g6 3. Bg2 Bg7 4. O-O O-O 5. d3 c5 6. e4 d6 7. e5 Nfd7 8. exd6 exd6 9. Nc3 Nc6 10. Bg5 Qa5 11. Nd2 Nde5 12. Nc4 Nxc4 13. dxc4 Nd4 14. Nd5 h6 15. Bf4 Qd8 16. c3 Ne6 17. Be3 Bd7 18.
Qd2 Kh7 19. Rad1 Bc6 20. h4 f5 21. b4 Qd7 22. b5 Bxd5 23. Bxd5 Rad8 24. Rfe1 Rfe8 25.
h5 g5 26. Qc2 Nf8 27. g4 Re5 28.
gxf5 Bf6 29. f4 gxf4 30. Bxf4 Qg7+ 31. Qg2 Rxe1+ 32. Rxe1 Bxc3 33. Qxg7+ Kxg7 34. Re7+ Kf6 35. Rf7# 1-0

[Event "Early-Titled-Tuesday-Blitz-November-28-2023"]
[Site "Chess.com"]
[Date "2023.11.28"]
[Round "1"]
[White "pasteta13"]
[Black "Nikolakis2014"]
[Result "0-1"]
[WhiteElo "2439"]
[BlackElo "2786"]
[TimeControl "180+1"]
[EndTime "8:06:53 PST"]
[Termination "Nikolakis2014 won by resignation"]

1. e4 c5 2. Ne2 d6 3. g3 g6 4.
Bg2 Bg7 5. c3 Nf6 6. d4 O-O 7.
h3 Qc7 8. Be3 Nbd7 9. O-O Rb8 10. f4 e5 11. fxe5 dxe5 12. d5 Ne8 13. a4 Nd6 14. Na3 a6 15. c4 f5 16. Nc3 Nf6 17. Qc2 Nh5 18. Qf2 b6 19. a5 f4 20. axb6 Rxb6 21. Bxc5 Rb7 22. Bxd6 Qxd6 23. c5 Qf6 24. c6 Rb4 25. g4 Ng3 26. Rfd1 h5 27. d6 Be6 28.
Nd5 Bxd5 29. Rxd5 hxg4 30. hxg4 Qh4 31. Bf3 Rxe4 32. Re1 Rxe1+ 33. Qxe1 e4 34. Bg2 f3 35. c7 Ne2+ 36. Qxe2 fxe2 0-1